 Dungeon Crawl Stone Soup version 0.30.0-20-g3b4254fcbd (webtiles) character file.

Game seed: 15195739429304279655

106 Zazubon the Trooper (level 4, -2/41 HPs)
             Began as a Draconian Berserker on June 2, 2023.
             Was a Believer of Trog.
             Slain by Terence
             ... wielding a +2 heavy flail
              (19 damage)
             ... on level 2 of the Dungeon.
             The game lasted 00:10:29 (2081 turns).

Zazubon the Trooper (Draconian Berserker)           Turns: 2081, Time: 00:10:29

Health: -2/41      AC:  5    Str: 22    XL:     4   Next: 55%
Magic:  4/4        EV: 12    Int:  7    God:    Trog [**....]
Gold:   130        SH:  0    Dex: 10    Spells: 3/3 levels left

rFire   . . .        j - +0 broad axe
rCold   . . .        (no shield)
rNeg    . . .        (body armour unavailable)
rPois   .            (helmet restricted)
rElec   .            (no cloak)
rCorr   .            (no gloves)
SInv    .            (no boots)
Will    .....        (no amulet)
Stlth   +            (no ring)
HPRegen 0.26/turn    (no ring)
MPRegen 0.09/turn

%: no passive effects
@: no status effects
A: AC +5, unfitting armour, cold-blooded
a: Renounce Religion, Berserk, Trog's Hand


You were on level 2 of the Dungeon.
You worshipped Trog.
Trog was pleased with you.
You visited 1 branch of the dungeon, and saw 2 of its levels.

You collected 130 gold pieces.

Inventory:

Hand Weapons
 a - a +0 hand axe
 j - a +0 broad axe (weapon)
Missiles
 b - 15 stones
Scrolls
 e - a scroll of vulnerability {unknown}
 k - a scroll of enchant armour {unknown}
 l - a scroll of fog {unknown}
Potions
 c - a potion of magic {unknown}
 d - 2 potions of flight {unknown}
 f - a potion of mutation {unknown}
 g - a potion of attraction {unknown}
 h - a potion of curing {unknown}
 i - a potion of degeneration {unknown}


   Skills:
 * Level 4.4 Fighting
 * Level 4.1 Axes
 + Level 3.2 Dodging


You had 3 spell levels left.
You didn't know any spells.
Your spell library was empty.

Dungeon Overview and Level Annotations

Branches:
Dungeon (2/15)

Altars:

Annotations:
D:2 Terence


Innate Abilities, Weirdness & Mutations

Your plain brown scales are hard. (AC +5)
You cannot fit into any form of body armour.
You are cold-blooded and may be slowed by cold attacks.


Message History

You kill the worm!
Trog accepts your kill.
There is an open door, spattered with blood here.
You see here a worm corpse.
You see here a quokka corpse.
There is an open door, spattered with blood here.
You see here a worm corpse.
There is an open door, spattered with blood here.
You see here a worm corpse.
You see here a quokka corpse.
You now have 116 gold pieces (gained 11).
You open the door.
There is an open door here.
Found a stone staircase leading up.
k - a scroll labelled RARROI RAIHUNU A dart slug comes into view.
A dart slug is nearby!
You slash the dart slug!
You kill the dart slug!
Trog accepts your kill.
You see here a dart slug corpse.
Found 4 stones.
Found a stone staircase leading down.
b - 15 stones (gained 4)
l - a scroll labelled VOPRYL JIMYCAN
Found a dagger.
You now have 130 gold pieces (gained 14).
Terence and an orc come into view.
Terence is wielding a +2 heavy flail.
Terence shouts!
The orc shouts!
There are monsters nearby!
Terence looks scornfully at you. The orc barely misses you.
Terence drinks a potion.
Terence goes berserk!
Terence hits you with a +2 heavy flail!!
Ouch! That really hurt!
The orc barely misses you.
You hit Terence but do no damage.
Your tail-slap misses Terence.
You barely miss the orc. Terence misses you.
The orc hits you but does no damage.
Terence hits you with a +2 heavy flail!!
You die...

# # ##### ### #
#... ..#
##########.#####.#
..............##.#
####...###.#...#@#
#
#.....##..#.#o@###
#
##.).###.........#
### # ##.##
##.###.##.# ..#
#.# ##...###.# #.#
#.# ##### #.# #.#
##+## #.# ### #.#
##...## ##.# ##.##
#.# ##.....##
###..# ##.#.###.#
##.......##
##....#
##.###..#.#


You could see Terence (berserk) and an orc.

Vanquished Creatures
  Natasha (twice) (D:2)
  An adder (D:2)
  A worm (D:2)
  2 dart slugs (D:2)
  6 bats
  3 endoplasms
  5 goblins
  4 jackals (D:2)
  4 kobolds
  3 quokkas
  5 ball pythons
  A frilled lizard (D:1)
  3 rats
40 creatures vanquished.

Notes
Turn   | Place    | Note
-------+----------+-------------------------------------------
     0 | D:1      | Zazubon the Draconian Berserker began the quest for the
                  | Orb.
     0 | D:1      | Reached XP level 1. HP: 19/19 MP: 1/1
   405 | D:1      | Reached XP level 2. HP: 26/26 MP: 2/2
  1445 | D:2      | Noticed Natasha
  1450 | D:2      | Reached XP level 3. HP: 33/33 MP: 3/3
  1460 | D:2      | Killed Natasha
  1586 | D:2      | Reached ** piety under Trog
  1652 | D:2      | Noticed Natasha
  1680 | D:2      | Killed Natasha
  1681 | D:2      | Reached XP level 4. HP: 16/41 MP: 4/4
  2077 | D:2      | Noticed Terence
  2081 | D:2      | Slain by Terence

Illustrated notes

Levels and vault maps discovered:
D:1:      lordsloth_arrival_two_stooges, layout_basic
D:2:      layout_loops_corners, kennysheep_path_1, uniq_terence, uniq_natasha

Skill      XL: |  1  2  3 |
---------------+----------+-----
Dodging        | 3 |  3.2
Fighting       | 4 |  4.4
Axes           | 4 |  4.1

Action                     |  1- 3 |  4- 6 || total
---------------------------+-------+-------++-------
  Melee: Hand axe          |    57 |       ||    57
         Tailslap          |     8 |     1 ||     9
         Broad axe         |    36 |    18 ||    54
 Armour: Skin              |    41 |     7 ||    48
  Dodge: Dodged            |    88 |    18 ||   106
